 Dungeon Crawl Stone Soup version 0.18.1-48-g4cf74bf (webtiles) character file.

1471 TuxedoFelix the Shield-Bearer (level 8, -1/70 HPs)
             Began as a Minotaur Fighter on July 24, 2016.
             Was an Initiate of Ru.
             Slain by an orc warrior
             ... wielding a +0 glaive of protection
              (12 damage)
             ... on level 6 of the Dungeon.
             The game lasted 00:32:24 (6832 turns).

TuxedoFelix the Shield-Bearer (Minotaur Fighter)    Turns: 6832, Time: 00:32:25

Health: -1/70      AC: 15    Str: 27    XL:     8   Next: 49%
Magic:  7/7        EV:  8    Int:  5    God:    Ru [......]
Gold:   182        SH: 11    Dex: 11    Spells: 0 memorised, 7 levels left

rFire  . . .     SeeInvis .     a - +0 long sword
rCold  . . .     Gourm    .     F - +0 plate armour
rNeg   . . .     Faith    .     c - +0 shield
rPois  .         Spirit   .     (helmet restricted)
rElec  .         Dismiss  .     f - +0 cloak {+Inv}
rCorr  .         Reflect  .     (no gloves)
SustAt .         Harm     .     p - +0 pair of boots
MR     .....                    (no amulet)
Stlth  ..........               (no ring)
                                v - ring of flight

@: mighty, not resistant to hostile enchantments, extremely unstealthy
A: retaliatory headbutt, horns 2
a: Renounce Religion, Evoke Invisibility, Evoke Flight


You were on level 6 of the Dungeon.
You worshipped Ru.
Ru was noncommittal.
You were not hungry.

You visited 2 branches of the dungeon, and saw 7 of its levels.
You also visited: Sewer.

You collected 182 gold pieces.

Inventory:

Hand Weapons
 a - a +0 long sword (weapon)
Missiles
 b - 5 javelins
 r - a throwing net (quivered)
 u - 7 silver javelins
Armour
 c - a +0 shield (worn)
 f - a +0 cloak of invisibility (worn)
 p - a +0 pair of boots (worn)
 x - a troll hide {Purgy}
 F - a +0 plate armour (worn)
Jewellery
 v - a ring of flight (left hand)
 D - a cursed amulet of inaccuracy {unknown}
Scrolls
 g - a scroll of noise {unknown}
 h - 3 scrolls of teleportation {unknown}
 i - 2 scrolls of remove curse {unknown}
 n - 2 scrolls of amnesia {unknown}
 q - 2 scrolls of recharging
 w - a scroll of random uselessness {unknown}
 B - 4 scrolls of identify
 C - a scroll of magic mapping {unknown}
Potions
 d - a potion of might
 e - 3 potions of brilliance
 j - 2 potions of resistance
 k - a potion of flight {unknown}
 l - a potion of agility
 m - 3 potions of curing
 t - 2 potions of lignification
 z - 2 potions of mutation {unknown}
 A - a potion of degeneration {unknown}
Books
 E - a Young Poisoner's Handbook

   Spells                             Type                      Level
   a - Sting                          Conjuration/Poison           1
   b - Cure Poison                    Poison                       2
   c - Mephitic Cloud                 Conjuration/Poison/Air       3
   d - Olgreb's Toxic Radiance        Poison                       4
   e - Venom Bolt                     Conjuration/Poison           5
Comestibles
 o - 5 meat rations


   Skills:
 + Level 6.2 Fighting
 + Level 5.3 Long Blades
 + Level 0.6 Throwing
 + Level 6.7 Armour
 + Level 5.0 Dodging
 + Level 1.0 Stealth
 + Level 7.3 Shields


You had 7 spell levels left.
You didn't know any spells.

Dungeon Overview and Level Annotations

Branches:
Dungeon (6/15)             Temple (1/1) D:5

Altars:
Ashenzari
Elyvilon
Kikubaaqudgha
Okawaru
Ru
Trog
Vehumet
Zin
The Shining One
Jiyva

Shops:
D:2 *


Innate Abilities, Weirdness & Mutations

You reflexively headbutt those who attack you in melee.
You have a pair of horns on your head.


Message History

The orc warrior is moderately wounded.
You block the orc warrior's attack.
Your plate armour prevents you from hitting the orc warrior.
The orc warrior is moderately wounded.
You block the orc warrior's attack.
You barely miss the orc warrior.
The orc warrior is moderately wounded.
The orc warrior hits you but does no damage.
You hit the orc warrior.
The orc warrior is moderately wounded.
The orc warrior hits you with a glaive of protection!
* * * LOW HITPOINT WARNING * * *
Your shield and plate armour prevent you from hitting the orc warrior.
Your headbutt misses the orc warrior.
The orc warrior is moderately wounded.
You slash the orc warrior!
You headbutt the orc warrior, but do no damage.
The orc warrior is severely wounded.
The orc warrior hits you with a glaive of protection!
You die...

#.#...................
#..........(..........
........###.#...........#...
......#.# #.#.......###.# .
....#.#.. #.#......).<#.#
.... . ### #.#.#####.#...#
.....# ..#.#...))o...# #####
###.#o###.....# . #.#@#
#..#### ## ..###.#.####...
................
........$.........
..................
......#.######.... #####.#.#
###.# ..#


You could see an orc warrior.

Vanquished Creatures
  Sigmund (D:3)
  Purgy (Sewer)
  A phantom (D:4)
  The ghost of TuxedoFelix the Covered, an amateur MiFi (D:3)
  A necrophage (D:5)
  2 ogres (D:4)
  2 scorpions
  A howler monkey (D:5)
  Crazy Yiuf (D:3)
  3 hounds
  2 jellies (D:5)
  Jessica (D:3)
  A giant frog skeleton (D:5)
  Ijyb (D:2)
  2 orc wizards
  3 worker ants
  12 adders
  2 river rats (D:3)
  An ooze (D:1)
  An adder zombie (D:5)
  An adder skeleton (D:3)
  4 dart slugs
  A giant gecko (D:3)
  13 orcs
  6 giant cockroaches
  12 goblins
  5 hobgoblins
  9 jackals
  4 quokkas
  A ball python (D:1)
  7 bats
  A giant gecko skeleton (D:5)
  5 giant newts
  A jackal zombie (D:5)
  6 kobolds
  8 rats
124 creatures vanquished.

Vanquished Creatures (others)
  A bat (D:1)
  A kobold (D:1)
2 creatures vanquished.

Grand Total: 126 creatures vanquished

Notes
Turn   | Place    | Note
--------------------------------------------------------------
     0 | D:1      | TuxedoFelix the Minotaur Fighter began the quest for the Orb.
     0 | D:1      | Reached XP level 1. HP: 19/19 MP: 0/0
   327 | D:1      | Reached XP level 2. HP: 22/27 MP: 1/1
   644 | D:1      | Reached skill level 4 in Shields
  1158 | D:2      | Reached XP level 3. HP: 23/33 MP: 2/2
  1306 | D:2      | Noticed Ijyb
  1327 | D:2      | Killed Ijyb
  1502 | D:2      | Reached XP level 4. HP: 33/40 MP: 3/3
  1905 | D:2      | Reached skill level 1 in Dodging
  1977 | D:2      | Reached skill level 5 in Shields
  1977 | D:2      | Reached XP level 5. HP: 47/47 MP: 4/4
  2315 | D:2      | Found Zin's Purification Station.
  2319 | D:2      | Found a glowing silver altar of Zin.
  2374 | D:2      | Found a bloodstained altar of Trog.
  2498 | D:3      | Reached skill level 5 in Armour
  2666 | D:3      | Found a glowing drain.
  2671 | Sewer    | Entered a sewer
  2767 | Sewer    | Noticed Purgy
  2778 | Sewer    | Killed Purgy
  2778 | Sewer    | Reached XP level 6. HP: 39/55 MP: 5/5
  3336 | D:3      | Noticed Sigmund
  3342 | D:3      | Reached skill level 5 in Fighting
  3351 | D:3      | Killed Sigmund
  3351 | D:3      | Reached XP level 7. HP: 61/61 MP: 6/6
  3415 | D:3      | Noticed Jessica
  3423 | D:3      | Killed Jessica
  3423 | D:3      | Reached skill level 6 in Shields
  3516 | D:3      | Noticed TuxedoFelix's ghost (amateur MiFi)
  3528 | D:3      | Killed TuxedoFelix's ghost
  3864 | D:3      | Noticed Crazy Yiuf
  3870 | D:3      | Killed Crazy Yiuf
  4861 | D:4      | Found a white marble altar of Elyvilon.
  5219 | D:4      | Reached XP level 8. HP: 70/70 MP: 7/7
  5349 | D:5      | Entered Level 5 of the Dungeon
  5619 | D:5      | Found an ancient bone altar of Kikubaaqudgha.
  5767 | D:5      | Found a staircase to the Ecumenical Temple.
  5810 | D:5      | Reached skill level 5 in Long Blades
  5879 | Temple   | Entered the Ecumenical Temple
  5917 | Temple   | Became a worshipper of Ru the Awakened
  5985 | D:5      | Reached skill level 5 in Dodging
  5985 | D:5      | Reached skill level 7 in Shields
  6357 | D:5      | Reached skill level 1 in Stealth
  6365 | D:5      | Found a shattered altar of Ashenzari.
  6368 | D:5      | Found a glowing golden altar of the Shining One.
  6697 | D:6      | HP: 2/70 [orc warrior/glaive of protection (19)]
  6832 | D:6      | Slain by an orc warrior

Skill      XL: |  1  2  3  4  5  6  7  8 |
---------------+-------------------------+-----
Shields        | 4 5 6 7 |  7.3
Fighting       | 4 5 6 |  6.2
Armour         | 4 5 6 |  6.7
Dodging        | 1 2 3 4 5 |  5.0
Long Blades    | 3 4 5 |  5.3
Stealth        | 1 |  1.0
Throwing       | |  0.6

Action                   |  1- 3 |  4- 6 |  7- 9 || total
-------------------------+-------+-------+-------++-------
Melee: Long sword        |    77 |   143 |   208 ||   428
       Headbutt          |     6 |    17 |    47 ||    70
Throw: Throwing net      |       |     2 |     1 ||     3
  Use: Potion            |       |     4 |     3 ||     7
       Scroll            |       |     2 |     3 ||     5
  Eat: Chunk             |     2 |     4 |     4 ||    10
       Bread ration      |       |     1 |     1 ||     2
       Beef jerky        |       |       |     1 ||     1
Armor: Scale mail        |    32 |    72 |    43 ||   147
       Plate armour      |       |       |    37 ||    37
Dodge: Dodged            |    17 |    51 |    61 ||   129
Block: Shield            |    44 |    82 |   108 ||   234
